 Dungeon Crawl Stone Soup version 0.18-a0-917-g8a3da5b (webtiles) character file.

95 JokEr the Bolt Thrower (level 4, -3/38 HPs)
             Began as a Centaur Hunter on Dec 26, 2015.
             Slain by an ogre
             ... wielding a +0 giant spiked club
              (25 damage)
             ... on level 3 of the Dungeon.
             The game lasted 00:05:17 (2037 turns).

JokEr the Bolt Thrower (Centaur Hunter)             Turns: 2037, Time: 00:05:17

Health: -3/38      AC:  4    Str: 15    XL:     4   Next: 40%
Magic:  4/4        EV:  9    Int: 10    God:
Gold:   228        SH:  0    Dex: 10    Spells: 0 memorised, 3 levels left

rFire  + . .     SeeInvis .     a - +2 hand crossbow
rCold  . . .     Gourm    .     c - +0 leather armour
rNeg   . . .     Faith    .     (no shield)
rPois  .         Spirit   .     (no helmet)
rElec  .         Dismiss  .     (no cloak)
rCorr  .         Reflect  .     (no gloves)
SustAt .         Harm     .     (no barding)
MR     .....                    w - amulet of regeneration
Stlth  +.........               (no ring)
                                k - ring of protection from fire

@: very quick, not resistant to hostile enchantments, very unstealthy
A: hooves 3, deformed body, speed 2, tough skin 3
a: no special abilities


You were on level 3 of the Dungeon.
You were not hungry.

You visited 1 branch of the dungeon, and saw 4 of its levels.

You collected 228 gold pieces.

Inventory:

Hand Weapons
 a - a +2 hand crossbow (weapon)
 b - a +0 short sword
Missiles
 d - 7 bolts (quivered)
Armour
 c - a +0 leather armour (worn)
Jewellery
 k - a ring of protection from fire (left hand)
 p - an uncursed ring of ice
 w - an amulet of regeneration (around neck)
Scrolls
 g - 4 scrolls of remove curse
 i - a scroll of noise
 j - a scroll of teleportation
 t - a scroll of magic mapping
 u - a scroll of enchant weapon
Potions
 l - 3 potions of curing {unknown}
 m - a potion of magic {unknown}
 o - a potion of degeneration
 q - a potion of invisibility {unknown}
 r - 2 potions of ambrosia {unknown}
Comestibles
 f - 7 bread rations
 h - 2 meat rations


   Skills:
 + Level 3.5 Fighting
 + Level 5.5 Crossbows
 - Level 1.3 Dodging
 - Level 0.5 Stealth


You had 3 spell levels left.
You didn't know any spells.

Dungeon Overview and Level Annotations

Branches:
Dungeon (4/15)
 Temple: D:4-7

Altars:

Annotations:
D:4 Dirtsage's ghost, amateur DsFi


Innate Abilities, Weirdness & Mutations

You have hooves in place of feet.
Armour fits poorly on your strangely shaped body.
You cover ground very quickly.
You have extremely tough skin (AC +3).


Message History

The giant cockroach is almost dead.
The giant cockroach barely misses you.
The giant cockroach bites you but does no damage.
The ogre hits you with a giant spiked club!
Firing (i - inventory):
d - 9 bolts (quivered)
Press: ? - help, Shift-Dir - straight line, f/p - giant cockroach
Aim: a giant cockroach (almost dead, clinging)
You shoot a bolt.
The bolt hits the giant cockroach but does no damage.
The giant cockroach is almost dead.
The giant cockroach bites you but does no damage.
The giant cockroach closely misses you.
Firing (i - inventory):
d - 8 bolts (quivered)
Press: ? - help, Shift-Dir - straight line, f/p - giant cockroach
Aim: a giant cockroach (almost dead, clinging)
You shoot a bolt. The bolt hits the giant cockroach.
You kill the giant cockroach!
The ogre hits you with a giant spiked club!!
Ouch! That really hurt!
You die...

.#####.......# ###..#...# .##
#..<....# ##...##...# ..##
####..######..####...# #>.##
##..###..>.#####...#
.#..####....#..#####.....)#
.(..........#.## ##..######
##รท...........# #..##
............######.##
#########.####.O@..#
..#####...###..################
............>(## #..........#
..............# #..........#
..##.####[..#.## #..........#
...............#####..........#
............##................#
#######.##....................#
#..#.#########..........#


You could see an ogre.

Vanquished Creatures
  3 adders
  2 oozes
  A worm (D:3)
  3 giant geckos
  An orc (D:3)
  7 giant cockroaches
  7 goblins
  4 hobgoblins
  3 jackals (D:2)
  7 kobolds
  2 ball pythons
  7 bats
  2 giant newts
  A quokka (D:3)
  6 rats
56 creatures vanquished.

Notes
Turn   | Place    | Note
--------------------------------------------------------------
     0 | D:1      | JokEr the Centaur Hunter began the quest for the Orb.
     0 | D:1      | Reached XP level 1. HP: 17/17 MP: 1/1
   285 | D:1      | Reached XP level 2. HP: 18/25 MP: 2/2
   490 | D:1      | Reached skill level 5 in Crossbows
  1043 | D:2      | Reached XP level 3. HP: 30/30 MP: 3/3
  1570 | D:3      | Reached XP level 4. HP: 38/38 MP: 4/4
  2026 | D:4      | Noticed an ogre
  2029 | D:4      | Noticed Dirtsage's ghost (amateur DsFi)
  2037 | D:3      | Slain by an ogre

Vault maps used:
D:1:      dpeg_chamrin_arrival_tetris, hangedman_decor_growths, minmay_bisected
D:3:      first_bread, kennysheep_boxes

Action                   |  1- 3 |  4- 6 || total
-------------------------+-------+-------++-------
 Fire: Hand crossbow     |    88 |    27 ||   115
  Use: Scroll            |     7 |     3 ||    10
  Eat: Chunk             |       |     2 ||     2
